 Dungeon Crawl Stone Soup version 0.20.0-15-g7f486f2 (webtiles) character file.

95 Redz the Cutter (level 4, -5/30 HPs)
             Began as a Halfling Warper on June 23, 2017.
             Killed by divine providence
             ... invoked by an orc priest
              (12 damage)
             ... on level 2 of the Dungeon.
             The game lasted 00:08:46 (1960 turns).

Redz the Cutter (Halfling Warper)                   Turns: 1960, Time: 00:08:46

Health: -5/30      AC: 10    Str: 12    XL:     4   Next: 97%
Magic:  6/6        EV: 14    Int: 12    God:
Gold:   41         SH:  4    Dex: 13    Spells: 2/6 levels left

rFire    . . .     SeeInvis .   g - +1 dagger (protect)
rCold    . . .     Gourm    .   h - +0 buckler
rNeg     . . .     Faith    .   b - +0 leather armour
rPois    .         Spirit   .   (no helmet)
rElec    .         Reflect  .   (no cloak)
rCorr    .         Harm     .   (no gloves)
MR       .....                  (no boots)
Stlth    +.........             (no amulet)
Regen    0.1/turn               (no ring)
MPRegen  0.1/turn               (no ring)

@: protection aura
A: mutation resistance 1
a: no special abilities


You were on level 2 of the Dungeon.
You were hungry.

You visited 1 branch of the dungeon, and saw 3 of its levels.

You collected 41 gold pieces.

Inventory:

Hand Weapons
 a - a +0 short sword
 g - a +1 dagger of protection (weapon)
Missiles
 e - 5 tomahawks of dispersal (quivered)
Armour
 b - a +0 leather armour (worn)
 h - a +0 buckler (worn)
 n - a +0 ring mail
Jewellery
 q - a +5 ring of intelligence {unknown}
Scrolls
 d - a scroll of blinking
 i - 2 scrolls of teleportation
 l - a scroll of enchant weapon {unknown}
 m - a scroll of enchant armour {unknown}
 o - a scroll of fog {unknown}
 p - 2 scrolls of identify {unknown}
 u - a scroll of noise {unknown}
 v - a scroll of amnesia {unknown}
 w - 2 scrolls of magic mapping {unknown}
Potions
 r - 2 potions of lignification {unknown}
 z - a potion of agility {unknown}
 A - a potion of ambrosia {unknown}
Books
 c - a book of Spatial Translocations

   Spells                             Type                      Level
   a - Blink                          Translocation                2
   b - Shroud of Golubria             Charms/Translocation         2
   c - Lesser Beckoning               Translocation                3
   d - Gell's Gravitas                Translocation                3
   e - Teleport Other                 Translocation                3
   f - Passage of Golubria            Translocation                4
Comestibles
 f - a bread ration
 j - 3 chunks of flesh
 k - 2 meat rations
 t - a fruit
 x - 3 royal jellies


   Skills:
 * Level 2.7 Fighting
 + Level 3.4 Short Blades
 - Level 1.0 Throwing
 + Level 2.2 Armour
 + Level 2.9 Dodging
 + Level 0.8 Stealth
 + Level 0.2 Shields
 - Level 1.5 Spellcasting
 - Level 3.2 Translocations


You had 2 spell levels left.
You knew the following spells:

 Your Spells              Type           Power        Failure   Level  Hunger
a - Blink                 Tloc           N/A          24%         2    ###....
b - Shroud of Golubria    Chrm/Tloc      #.........   43%         2    ###....


Dungeon Overview and Level Annotations

Branches:
Dungeon (3/15)

Altars:


Innate Abilities, Weirdness & Mutations

You are small and have problems with some larger weapons.
You are somewhat resistant to further mutation.


Message History

The orc priest hits you but does no damage.
The orc hits you but does no damage.
You hit the orc priest.
The orc priest is heavily wounded.
The orc priest hits you but does no damage.
The orc barely misses you.
You barely miss the orc priest.
The orc priest is heavily wounded.
The orc priest barely misses you.
You closely miss the orc priest.
The orc priest is heavily wounded.
The orc misses you.
You barely miss the orc priest.
The orc priest is heavily wounded.
The orc priest barely misses you. The orc hits you but does no damage.
You hit the orc priest.
The orc priest is severely wounded.
The orc priest mumbles some strange prayers to Beogh against you.
Beogh smites you!
You die...

#......).......####.........##.
##......######..............##)
##........## ######.........#..
###...#..#...# #.†.........#
......(......## ##...#####.##
....#......#..########.### #...#
.......................# ##.###
...........(.........### #..#
....#......#....@.....#####.##
#...............oo...........####
##....#..#...........######......
###............##.#.....#..#####
###....#..#####.#####...#####.
###...............[.........
########.....(......##...##..#.#.
)..............(.....#.###.....#.
......##..######..##...###.#..#..


You could see an orc priest and an orc.

Vanquished Creatures
  3 adders (D:2)
  2 oozes
  A worm (D:2)
  3 dart slugs (D:1)
  2 leopard geckos (D:1)
  3 bats
  7 goblins
  7 hobgoblins
  10 kobolds
  5 frilled lizards
  8 rats
51 creatures vanquished.

Notes
Turn   | Place    | Note
-------+----------+-------------------------------------------
     0 | D:1      | Redz the Halfling Warper began the quest for the Orb.
     0 | D:1      | Reached XP level 1. HP: 14/14 MP: 3/3
    67 | D:1      | Reached XP level 2. HP: 17/19 MP: 4/4
   362 | D:1      | Reached XP level 3. HP: 22/24 MP: 5/5
  1310 | D:2      | Reached XP level 4. HP: 28/29 MP: 6/6
  1380 | D:2      | Learned a level 2 spell: Blink
  1383 | D:2      | Learned a level 2 spell: Shroud of Golubria
  1960 | D:2      | Killed from afar by an orc priest

Skill      XL: |  1  2  3 |
---------------+----------+-----
Fighting       | 2 |  2.7
Short Blades   | 3 |  3.4
Armour         | 2 |  2.2
Throwing       | |  1.0
Dodging        | |  2.9
Stealth        | |  0.8
Shields        | |  0.2
Spellcasting   | |  1.5
Translocations | |  3.2

Action                   |  1- 3 |  4- 6 || total
-------------------------+-------+-------++-------
Melee: Dagger            |   115 |    93 ||   208
       Short sword       |     7 |       ||     7
 Cast: Blink             |       |     1 ||     1
  Use: Scroll            |       |     3 ||     3
       Potion            |       |     1 ||     1
 Stab: Sleeping          |       |     1 ||     1
  Eat: Chunk             |     1 |     2 ||     3
Armor: Leather armour    |    27 |    22 ||    49
Dodge: Dodged            |    79 |    61 ||   140
Block: Buckler           |       |     4 ||     4
